 Dungeon Crawl Stone Soup version 0.29-a0-824-gd827844252 (webtiles) character file.

Game seed: 5430672286215236643

21 coolguy69 the Cutter (level 2, -2/16 HPs)
             Began as a Vine Stalker Monk on July 10, 2022.
             Slain by an adder (4 damage)
             ... on level 2 of the Dungeon.
             The game lasted 00:01:40 (1812 turns).

coolguy69 the Cutter (Vine Stalker Monk)            Turns: 1812, Time: 00:01:41

Health: -2/16      AC:  3    Str: 13    XL:     2   Next: 87%
Magic:  0/3        EV: 13    Int: 10    God:
Gold:   111        SH:  0    Dex: 16    Spells: 1/1 levels left

rFire   . . .      SeeInvis .   a - +0 short sword
rCold   . . .      Faith    .   (no shield)
rNeg    . . .      Spirit   +   b - +0 robe
rPois   .          Reflect  .   (no helmet)
rElec   .          Harm     .   (no cloak)
rCorr   .          Rampage  .   g - +0 pair of gloves
Will    .....                   (no boots)
Stlth   ++........              (no amulet)
HPRegen 0.05/turn               (no ring)
MPRegen 0.08/turn               (no ring)

@: no status effects
A: fangs 2, magic shield, antimagic bite, no potion heal 2
a: no special abilities


You were on level 2 of the Dungeon.
You visited 1 branch of the dungeon, and saw 2 of its levels.

You collected 111 gold pieces.

Inventory:

Hand Weapons
 a - a +0 short sword (weapon)
Armour
 b - a +0 robe (worn)
 g - a +0 pair of gloves (worn)
Scrolls
 h - 2 scrolls of fear {unknown}
 i - a scroll of vulnerability {unknown}
 j - a scroll of fog {unknown}
Potions
 c - a potion of ambrosia
 e - 2 potions of curing


   Skills:
 + Level 3.0 Fighting
 + Level 3.2 Short Blades
 + Level 2.6 Dodging
 + Level 2.4 Stealth


You had one spell level left.
You didn't know any spells.
Your spell library contained the following spells:

 Spells                   Type           Power      Damage    Failure   Level
 Ozocubu's Armour         Ice            0%         N/A       75%         3
 Metabolic Englaciation   Hex/Ice        0%         N/A       100%        5
 Simulacrum               Ice/Necr       0%         N/A       100%        6


Dungeon Overview and Level Annotations

Branches:
Dungeon (2/15)

Altars:
Makhleb

Shops:
D:2 [

Annotations:
D:2 Sigmund


Innate Abilities, Weirdness & Mutations

You have extremely sharp teeth.
When hurt, damage is shared between your health and your magic reserves.
Your bite disrupts and absorbs the magic of your enemies.
Potions cannot restore your health.


Message History

The dart slug launches a dart at you. The slug dart hits you.
There are monsters nearby!
You barely miss the adder. The adder bites you.
The dart slug launches a dart at you. The slug dart hits you.
There are monsters nearby!
There are monsters nearby!
You hit the adder. Your bite misses the adder.
The adder is lightly wounded.
The adder closely misses you.
You barely miss the adder.
The adder is lightly wounded.
The adder bites you but does no damage. The adder closely misses you.
You closely miss the adder.
The adder is lightly wounded.
The adder bites you.
You are poisoned.
The adder poisons you! The adder barely misses you. The adder bites you.
The adder barely misses you.
You are too injured to fight recklessly!
Unknown command.
The adder attacks as you move away! The adder misses you.
You feel sick. The adder attacks as you move away!
The adder bites you but does no damage.
You feel sick. The adder attacks as you move away!
The adder closely misses you.
You feel sick. The adder misses you.
There is an open door here.
Your system rejects the healing.
You feel better. The adder misses you.
It was a potion of heal wounds.
That seemed strangely inert.
The adder closely misses you.
You hit the adder. Your bite misses the adder.
The adder is moderately wounded.
The adder misses you.
You closely miss the adder. Your bite misses the adder.
The adder is moderately wounded.
The adder bites you.
* * * LOW HITPOINT WARNING * * *
The adder bites you.
You die...

# ##†#..#.##
# ##.#..#.##
# ##.#....##
# ##.#..#.##
# ##.#....##
# ##.#....##
# ##.#....##
# #......##
# #@#......#
# #S###....#
#
#Sr.###.#..
#
##w...###...
# #..#....#
.
#.##.##...#
#. .# #.. ##
## #


You could see 2 adders, a dart slug and a quokka.

Vanquished Creatures
  2 dart slugs (D:1)
  4 endoplasms (D:1)
  A goblin (D:1)
  A hobgoblin (D:1)
  A ball python (D:2)
  3 bats (D:1)
  A frilled lizard (D:1)
  A kobold (D:2)
  4 rats
18 creatures vanquished.

Notes
Turn   | Place    | Note
-------+----------+-------------------------------------------
     0 | D:1      | coolguy69 the Vine Stalker Monk began the quest for the
                  | Orb.
     0 | D:1      | Reached XP level 1. HP: 11/11 MP: 2/2
   424 | D:1      | Reached XP level 2. HP: 16/16 MP: 3/3
  1163 | D:2      | Found Porap's Armour Boutique.
  1258 | D:2      | Found a faded altar of an unknown god.
  1329 | D:2      | Noticed Sigmund
  1710 | D:2      | Found a burning altar of Makhleb.
  1812 | D:2      | Slain by an adder

Illustrated notes

Levels and vault maps discovered:
D:1:      dpeg_arrival_more_subterranean_lakeside_camping, layout_basic,
          minmay_pentomino_z4
D:2:      minmay_razor_zed, layout_loops_ring, basic_altar, serial_shops,
          nicolae_shop_crystal, basic_ecumenical_altar, uniq_sigmund

Skill      XL: |  1  2 |
---------------+-------+-----
Short Blades   | 3 |  3.2
Fighting       | 3 |  3.0
Dodging        | |  2.6
Stealth        | |  2.4

Action                   || total
-------------------------++-------
Melee: Short sword       ||    61
       Bite              ||     9
       Punch             ||     1
  Use: Potion            ||     5
 Stab: Sleeping          ||     1
Armor: Robe              ||     7
Dodge: Dodged            ||    50

Table legend: (Time is in decaauts)
 A = Elapsed time spent in this place.
 B = Non-inter-level travel time spent in this place.
 C = Inter-level travel time spent in this place.
 D = Time resting spent in this place.
 E = Time spent auto-exploring this place.
 F = Levels seen in this place.
 G = Mean time per level.
                   A        B        C        D        E       F      G
               +--------+--------+--------+--------+--------+-----+--------+
         Total |   1810 |   1795 |     15 |    568 |    958 |   2 |  905.0 |
       Dungeon |   1810 |   1795 |     15 |    568 |    958 |   2 |  905.0 |
               +--------+--------+--------+--------+--------+-----+--------+

Top non-repeatable levels by time:
     D:1: 1446 daAuts
     D:2: 363 daAuts
